Map: Jagannatha LE

Players

FLORENCIO - Winner!

  • Race: Terran Terran
  • League: Platinum
  • Spawn Location: 7:00

육봉달

  • Race: Protoss Protoss
  • Spawn Location: 1:00

VOD

Have the link to the VOD?

Description

Time

  • Played on: March 7, 2021, 8:45 p.m.
  • Length: 16:50
Show
View Real Time Build Order
Export as new Build Order

FLORENCIO Terran - Winner!

Build Orders:  

Get SALT Encoding   

  12  0:01  SCV  
  13  0:13  SCV  
  14  0:25  SCV  
  14  0:26  Supply Depot  
  15  0:34  Refinery  
  15  0:48  SCV  
  16  0:50  Barracks  
  16  1:00  SCV  
  17  1:31  Supply Depot  
  17  1:35  Barracks  
  17  1:37  Reaper  
  18  1:46  Bunker  
  18  1:53  Supply Depot  
  18  1:54  Supply Depot  
  18  2:01  SCV  
  19  2:10  Marine  
  19  2:13  SCV  
  19  2:15  Refinery  
  21  2:23  Reaper  
  21  2:25  SCV  
  22  2:45  Bunker  
  22  2:50  Bunker  
  22  3:04  Bunker  
  22  3:07  Bunker  
  22  3:09  Marine  
  23  3:27  Marine, SCV  
  23  3:34  Factory  
  24  3:35  Factory  
  24  3:39  SCV  
  24  3:48  Marine  
  24  3:58  SCV  
  25  4:06  Marine  
  26  4:12  Orbital Command  
  26  4:24  Marine  
  26  4:31  Engineering Bay  
  27  4:32  Factory Tech Lab x2  
  27  4:42  Marine  
  27  4:44  Bunker  
  28  4:46  Marine  
  28  5:03  Marine  
  28  5:17  Cyclone x2  
  30  5:37  Mag-Field Accelerator  
  30  5:43  Supply Depot  
  30  5:54  Cyclone x2  
  36  6:03  Command Center  
  31  6:26  Cyclone  
  28  6:55  Engineering Bay  
  28  7:04  Supply Depot  
  21  7:31  Missile Turret x3  
  16  8:01  Cyclone x2  
  22  8:06  SCV  
  23  8:18  SCV  
  24  8:30  SCV  
  25  8:42  SCV  
  26  8:54  SCV  
  27  9:06  SCV  
  28  9:16  Starport  
  28  9:18  SCV  
  29  9:31  SCV  
  30  9:43  SCV  
  31  9:53  Cyclone x2  
  34  10:20  SCV  
  27  10:25  Cyclone  
  30  10:41  Command Center  
  30  11:05  SCV  
  30  11:10  Starport Tech Lab  
  31  11:31  Supply Depot x2  
  31  11:52  SCV  
  32  12:02  Planetary Fortress  
  32  12:04  Missile Turret, SCV  
  33  12:16  SCV  
  34  12:28  SCV  
  35  12:41  SCV  
  36  12:51  Missile Turret, SCV  
  36  12:57  Raven  
  39  12:59  SCV  
  39  13:04  SCV  
  41  13:11  SCV  
  42  13:16  SCV  
  42  13:27  Cyclone  
  42  13:28  SCV  
  46  13:40  SCV  
  47  13:52  SCV  
  48  13:58  Cyclone  
  48  13:59  Cyclone  
  54  14:04  SCV  
  55  14:16  SCV  
  32  15:10  Cyclone x2  
  32  15:14  Missile Turret  
  36  15:15  Missile Turret x2  
  36  15:16  SCV  
  36  15:18  Refinery, SCV  
  38  15:28  SCV  
  39  15:31  SCV  
  35  15:54  Missile Turret  
  35  15:56  Cyclone x2  
  40  16:13  SCV  
  41  16:26  SCV  
Show
View Real Time Build Order
Export as new Build Order

육봉달 Protoss 

Build Orders: Cannon Rush 

Get SALT Encoding   

  12  0:02  Probe (Chrono Boost)  
  13  0:12  Probe (Chrono Boost)  
  14  0:17  Probe (Chrono Boost)  
  15  0:23  Pylon  
  15  0:41  Forge  
  16  0:42  Probe  
  16  0:48  Pylon  
  16  0:55  Probe  
  17  1:05  Pylon  
  17  1:31  Photon Cannon  
  17  1:40  Probe (Chrono Boost)  
  17  1:44  Gateway  
  18  1:48  Assimilator  
  18  1:49  Probe (Chrono Boost)  
  18  1:52  Photon Cannon  
  19  1:57  Photon Cannon  
  19  2:13  Pylon  
  19  2:26  Photon Cannon  
  19  2:32  Cybernetics Core  
  18  2:38  Photon Cannon  
  18  2:43  Photon Cannon  
  18  2:51  Photon Cannon  
  18  3:04  Photon Cannon  
  18  3:06  Stalker (Chrono Boost)  
  18  3:08  Warp Gate (Chrono Boost)  
  20  3:18  Photon Cannon  
  20  3:23  Assimilator  
  20  3:43  Stalker  
  20  3:46  Probe  
  23  3:59  Twilight Council  
  23  4:03  Cybernetics Core  
  23  4:13  Stalker  
  25  4:29  Probe  
  26  4:53  Dark Shrine  
  24  5:00  Gateway  
  24  5:13  Stalker  
  25  5:36  Assimilator  
  25  5:39  Pylon  
  25  5:43  Gateway  
  25  5:48  Probe  
  26  5:52  Stalker  
  26  5:55  Stalker  
  30  6:00  Probe  
  27  6:23  Dark Templar  
  27  6:24  Dark Templar  
  25  6:33  Probe  
  25  6:36  Gateway  
  25  6:38  Dark Templar  
  24  7:00  Dark Templar  
  26  7:29  Dark Templar  
  28  7:31  Probe (Chrono Boost)  
  29  7:39  Pylon  
  29  7:40  Probe (Chrono Boost)  
  30  7:45  Probe (Chrono Boost)  
  27  8:00  Dark Templar  
  27  8:01  Dark Templar  
  27  8:05  Photon Cannon  
  31  8:15  Pylon, Protoss Ground Weapons Level 1 (Chrono Boost)  
  31  8:16  Nexus  
  31  8:19  Pylon  
  29  8:33  Shield Battery  
  29  8:36  Photon Cannon  
  29  8:42  Pylon  
  27  9:05  Dark Templar  
  27  9:06  Dark Templar  
  27  9:07  Zealot  
  31  9:15  Photon Cannon  
  31  9:24  Gateway  
  31  9:28  Probe (Chrono Boost)  
  31  9:38  Probe (Chrono Boost)  
  31  9:43  Probe (Chrono Boost)  
  32  9:50  Dark Templar  
  32  10:13  Dark Templar  
  30  10:38  Dark Templar  
  30  10:39  Dark Templar  
  30  10:40  Zealot  
  36  10:47  Photon Cannon  
  36  11:00  Photon Cannon  
  36  11:31  Protoss Ground Armor Level 1  
  34  11:50  Nexus  
  34  12:00  Pylon  
  32  12:23  Dark Templar  
  32  12:58  Stargate  
  32  13:03  Probe (Chrono Boost)  
  34  13:07  Probe (Chrono Boost)  
  35  13:13  Probe (Chrono Boost)  
  35  13:16  Probe (Chrono Boost)  
  35  13:19  Probe (Chrono Boost)  
  35  13:20  Probe (Chrono Boost)  
  35  13:21  Dark Templar  
  35  13:26  Dark Templar  
  40  13:29  Probe  
  40  13:33  Void Ray (Chrono Boost)  
  41  13:38  Pylon  
  41  13:47  Probe  
  46  13:52  Shield Battery  
  44  13:58  Stalker x2  
  44  14:00  Void Ray (Chrono Boost)  
  44  14:19  Stalker x2  
  44  14:22  Stalker  
  50  14:28  Assimilator  
  44  14:46  Stalker x3  
  43  15:13  Nexus  
  41  15:47  Dark Templar  
Tags
 
League
Platinum
Matchup
PvT
Spawn Locations
Cross Positions
Add a new tag
Caveats
  • Supply blocks, unpowered buildings, or Contaminate may cause inaccurate times.
  • Supply counts are checked every 10 seconds.